NWL (28 & UNDER)
CULVER CITY EXTRAS @ RIVERSIDE RED BULLS
07/26/2028
 
TOP OF THE 1ST
Culver City Extras batting - Pitching for Riverside Red Bulls : LHP Ken Johnston
Pitching: LHP Ken Johnston
Batting: LHB Buddy Rice 0-0: Ball
1-0: Ball
2-0: Fly out, F4 (Flyball, 4D)
Batting: RHB Clint Younger 0-0: SOLO HOME RUN (Flyball, 7LD), Distance : 405 ft
Batting: SHB Juan Carlos Mesa 0-0: Ball
1-0: Foul Ball, location: 2F
1-1: Foul Ball, location: 2F
1-2: Foul Ball, location: 2F
1-2: Ball
2-2: Foul Ball, location: 2F
2-2: Foul Ball, location: 2F
2-2: Strikes out looking
Batting: RHB Bob Magee 0-0: Ball
1-0: Swinging Strike
1-1: Ball
2-1: Foul Ball, location: 2F
2-2: Ball
3-2: Strikes out looking
Top of the 1st over - 1 run(s), 1 hit(s), 0 error(s), 0 left on base; Culver City 1 - Riverside 0
BOTTOM OF THE 1ST
Riverside Red Bulls batting - Pitching for Culver City Extras : RHP Luis Vargas
Pitching: RHP Luis Vargas
Batting: RHB Luis Flores 0-0: Ball
1-0: Ball
2-0: Ball
3-0: Called Strike
3-1: Base on Balls
Batting: RHB Robert Stevens 0-0: Called Strike
0-1: Ball
1-1: Swinging Strike
1-2: Strikes out looking
Batting: RHB Brandon Pope 0-0: Ball
1-0: Ball
2-0: Called Strike
2-1: SINGLE (Flyball, 4D)
Luis Flores to second
Runner from 2nd tries for 3rd, SAFE, no throw
Batting: RHB Glenn Broadwater 0-0: Ball
1-0: Fly out, F8 (Flyball, 8LS)
Batting: LHB William Wolf 0-0: Ball
1-0: Called Strike
1-1: Swinging Strike
1-2: Strikes out swinging
Bottom of the 1st over - 0 run(s), 1 hit(s), 0 error(s), 2 left on base; Culver City 1 - Riverside 0
TOP OF THE 2ND
Culver City Extras batting - Pitching for Riverside Red Bulls : LHP Ken Johnston
Batting: RHB Dave Anderson 0-0: Ball
1-0: Ball
2-0: Ball
3-0: Called Strike
3-1: Base on Balls
Batting: RHB Max Alexander 0-0: Called Strike
0-1: Ball
1-1: Ball
2-1: Ball
3-1: Fly out, F8 (Flyball, 8LS)
Batting: RHB Cooper Richard 0-0: Ball
Dave Anderson is caught stealing 2nd base
1-0: Foul Ball, location: 2F
1-1: Ball
2-1: Single, Error in OF, E7, batter to second base
Batting: RHB Shawn Gutiérrez 0-0: Ball
Cooper Richard steals 3rd base
1-0: Ball
2-0: Foul Ball, location: 2F
2-1: Foul Ball, location: 2F
2-2: Ground out 5-3 (Groundball, 5)
Top of the 2nd over - 0 run(s), 1 hit(s), 1 error(s), 1 left on base; Culver City 1 - Riverside 0
BOTTOM OF THE 2ND
Riverside Red Bulls batting - Pitching for Culver City Extras : RHP Luis Vargas
Batting: RHB Fernando Bórquez 0-0: Ground out 6-3 (Groundball, 6)
Batting: RHB Adam Davis 0-0: Called Strike
0-1: Ground out 5-3 (Groundball, 5)
Batting: RHB Luis Bustamante 0-0: Fly out, F3 (Popup, 3D)
Bottom of the 2nd over - 0 run(s), 0 hit(s), 0 error(s), 0 left on base; Culver City 1 - Riverside 0
TOP OF THE 3RD
Culver City Extras batting - Pitching for Riverside Red Bulls : LHP Ken Johnston
Batting: RHB Eugene Booth 0-0: Fly out, F9 (Flyball, 9LMF)
Batting: LHB Buddy Rice 0-0: Called Strike
0-1: Ball
1-1: Ball
2-1: Foul Ball, location: 2F
2-2: Fly out, F9 (Flyball, 9)
Batting: RHB Clint Younger 0-0: Foul Ball, location: 2F
0-1: Swinging Strike
0-2: Foul Ball, location: 2F
0-2: Ground out 5-3 (Groundball, 56)
Top of the 3rd over - 0 run(s), 0 hit(s), 0 error(s), 0 left on base; Culver City 1 - Riverside 0
BOTTOM OF THE 3RD
Riverside Red Bulls batting - Pitching for Culver City Extras : RHP Luis Vargas
Batting: RHB Lakota O'Reilly 0-0: Foul Ball, location: 2F
0-1: Ground out 6-3 (Groundball, 6)
Batting: RHB Luis Flores 0-0: Ball
1-0: Swinging Strike
1-1: Ball
2-1: Foul Ball, location: 2F
2-2: Ground out 1-3 (Groundball, 15)
Batting: RHB Robert Stevens 0-0: Called Strike
0-1: Ball
1-1: Ball
2-1: Ground out 5-3 (Groundball, 56)
Bottom of the 3rd over - 0 run(s), 0 hit(s), 0 error(s), 0 left on base; Culver City 1 - Riverside 0
TOP OF THE 4TH
Culver City Extras batting - Pitching for Riverside Red Bulls : LHP Ken Johnston
Batting: SHB Juan Carlos Mesa 0-0: Ball
1-0: Foul Ball, location: 2F
1-1: Ball
2-1: Foul Ball, location: 2F
2-2: Foul Ball, location: 2F
2-2: Strikes out swinging
Batting: RHB Bob Magee 0-0: Foul Ball, location: 2F
0-1: Ball
1-1: Ground out 3-1 (Groundball, 34S)
Batting: RHB Dave Anderson 0-0: Ball
1-0: Ground out 4-3 (Groundball, 34D)
Top of the 4th over - 0 run(s), 0 hit(s), 0 error(s), 0 left on base; Culver City 1 - Riverside 0
BOTTOM OF THE 4TH
Riverside Red Bulls batting - Pitching for Culver City Extras : RHP Luis Vargas
Batting: RHB Brandon Pope 0-0: Fly out, F9 (Flyball, 9D)
Batting: RHB Glenn Broadwater 0-0: Called Strike
0-1: Ball
1-1: Ball
2-1: Swinging Strike
2-2: Strikes out looking
Batting: LHB William Wolf 0-0: Called Strike
0-1: Ground out 4-3 (Groundball, 34)
Bottom of the 4th over - 0 run(s), 0 hit(s), 0 error(s), 0 left on base; Culver City 1 - Riverside 0
TOP OF THE 5TH
Culver City Extras batting - Pitching for Riverside Red Bulls : LHP Ken Johnston
Batting: RHB Max Alexander 0-0: Called Strike
0-1: Called Strike
0-2: Strikes out swinging, 2-3 out at first.
Batting: RHB Cooper Richard 0-0: Swinging Strike
0-1: Called Strike
0-2: Ball
1-2: SINGLE (Flyball, 8RS)
Batting: RHB Shawn Gutiérrez 0-0: Ball
1-0: Ball
2-0: Grounds into double play, 6-4-3 (Groundball, 6)
Top of the 5th over - 0 run(s), 1 hit(s), 0 error(s), 0 left on base; Culver City 1 - Riverside 0
BOTTOM OF THE 5TH
Riverside Red Bulls batting - Pitching for Culver City Extras : RHP Luis Vargas
Batting: RHB Fernando Bórquez 0-0: Ball
1-0: Ball
2-0: Ball
3-0: Called Strike
3-1: Foul Ball, location: 2F
3-2: Fly out, F8 (Flyball, 8RS)
Batting: RHB Adam Davis 0-0: TRIPLE (Flyball, 78M)
Batting: RHB Luis Bustamante 0-0: Ball
1-0: Swinging Strike
1-1: Foul Ball, location: 2F
1-2: Ball
2-2: 2-RUN HOME RUN (Flyball, 7LD), Distance : 406 ft
Batting: RHB Lakota O'Reilly 0-0: SINGLE (Groundball, 6D)
Batting: RHB Luis Flores 0-0: Ball
1-0: Fly out, F8 (Flyball, 8RS)
Batting: RHB Robert Stevens 0-0: Called Strike
Lakota O'Reilly is caught stealing 2nd base
Bottom of the 5th over - 2 run(s), 3 hit(s), 0 error(s), 0 left on base; Culver City 1 - Riverside 2
TOP OF THE 6TH
Culver City Extras batting - Pitching for Riverside Red Bulls : LHP Ken Johnston
Batting: RHB Eugene Booth 0-0: Ball
1-0: SINGLE (Line Drive, 34D)
Batting: LHB Buddy Rice 0-0: SINGLE (Groundball, 34) (infield hit)
Eugene Booth to second
Batting: RHB Clint Younger 0-0: Foul Ball, location: 2F
0-1: Fly out, F8 (Flyball, 8RD)
Runner from 2nd tags up, SAFE at 3rd, no throw
Batting: SHB Juan Carlos Mesa 0-0: Called Strike
0-1: Called Strike
0-2: Ball
1-2: Ball
2-2: Strikes out swinging
Batting: RHB Bob Magee 0-0: Called Strike
0-1: Ball
1-1: Foul Ball, location: 2F
1-2: Ball
2-2: Strikes out swinging
Top of the 6th over - 0 run(s), 2 hit(s), 0 error(s), 2 left on base; Culver City 1 - Riverside 2
BOTTOM OF THE 6TH
Riverside Red Bulls batting - Pitching for Culver City Extras : RHP Luis Vargas
Batting: RHB Robert Stevens 0-0: Called Strike
0-1: Fly out, F7 (Flyball, 7D)
Batting: RHB Brandon Pope 0-0: Swinging Strike
0-1: Fly out, F6 (Popup, 6MS)
Batting: RHB Glenn Broadwater 0-0: Ball
1-0: Ground out 6-3 (Groundball, 6)
Bottom of the 6th over - 0 run(s), 0 hit(s), 0 error(s), 0 left on base; Culver City 1 - Riverside 2
TOP OF THE 7TH
Culver City Extras batting - Pitching for Riverside Red Bulls : LHP Ken Johnston
Batting: RHB Dave Anderson 0-0: Ball
1-0: Ball
2-0: SINGLE (Line Drive, 34D)
Pinch Hitting: RHB Ramón Molina 0-0: Ball
1-0: Called Strike
1-1: Bunted foul
1-2: Grounds into double play, 4-6-3 (Groundball, 4)
Batting: RHB Cooper Richard 0-0: Ball
1-0: Ball
2-0: Ball
3-0: Foul Ball, location: 2F
3-1: Base on Balls
Pitching: RHP Juan Herrera
Batting: RHB Shawn Gutiérrez 0-0: Swinging Strike
0-1: Ball
Cooper Richard steals 2nd base
1-1: Ball
2-1: Fly out, F7 (Line Drive, 78M)
Top of the 7th over - 0 run(s), 1 hit(s), 0 error(s), 1 left on base; Culver City 1 - Riverside 2
BOTTOM OF THE 7TH
Riverside Red Bulls batting - Pitching for Culver City Extras : RHP Luis Vargas
Now at 1B: Ramón Molina
Batting: LHB William Wolf 0-0: Called Strike
0-1: Fly out, F5 (Popup, 5L)
Batting: RHB Fernando Bórquez 0-0: Called Strike
0-1: Foul Ball, location: 2F
0-2: Ground out 5-3 (Groundball, 56)
Batting: RHB Adam Davis 0-0: Foul Ball, location: 2F
0-1: Ball
1-1: Called Strike
1-2: Strikes out swinging
Bottom of the 7th over - 0 run(s), 0 hit(s), 0 error(s), 0 left on base; Culver City 1 - Riverside 2
TOP OF THE 8TH
Culver City Extras batting - Pitching for Riverside Red Bulls : RHP Juan Herrera
Batting: RHB Eugene Booth 0-0: Ball
1-0: Swinging Strike
1-1: Ball
2-1: Fly out, F7 (Line Drive, 7)
Pitching: LHP Pepe Gómez
Batting: LHB Buddy Rice 0-0: Called Strike
0-1: Fly out, F9 (Flyball, 89M)
Pitching: RHP Gustavo Castillo
Batting: RHB Clint Younger 0-0: Ball
1-0: Swinging Strike
1-1: Ball
2-1: Swinging Strike
2-2: SOLO HOME RUN (Flyball, 7D), Distance : 404 ft
Batting: SHB Juan Carlos Mesa 0-0: Ball
1-0: Ball
2-0: Ball
3-0: Called Strike
3-1: Called Strike
3-2: Foul Ball, location: 2F
3-2: Strikes out looking
Top of the 8th over - 1 run(s), 1 hit(s), 0 error(s), 0 left on base; Culver City 2 - Riverside 2
BOTTOM OF THE 8TH
Riverside Red Bulls batting - Pitching for Culver City Extras : RHP Luis Vargas
Batting: RHB Luis Bustamante 0-0: Fly out, F8 (Flyball, 8RM)
Batting: RHB Lakota O'Reilly 0-0: Ball
1-0: Called Strike
1-1: Swinging Strike
1-2: Ball
2-2: Foul Ball, location: 2F
2-2: Foul Ball, location: 2F
2-2: Ball
3-2: Strikes out swinging
Batting: RHB Luis Flores 0-0: Ball
1-0: Ground out 4-3 (Groundball, 4MD)
Bottom of the 8th over - 0 run(s), 0 hit(s), 0 error(s), 0 left on base; Culver City 2 - Riverside 2
TOP OF THE 9TH
Culver City Extras batting - Pitching for Riverside Red Bulls : RHP Gustavo Castillo
Pitching: RHP Ricardo López
Pinch Hitting: RHB Tony Cruz 0-0: Called Strike
0-1: Ball
1-1: Ball
2-1: Foul Ball, location: 2F
2-2: Strikes out swinging
Pinch Hitting: LHB Collin Smith 0-0: Ball
1-0: Fly out, F8 (Flyball, 8RM)
Batting: RHB Ramón Molina 0-0: Called Strike
0-1: Foul Ball, location: 2F
0-2: SINGLE (Groundball, 4MD)
Pinch Runner at 1st Augusto Trevino:
Pinch Hitting: LHB Tony Smith 0-0: Ball
1-0: Called Strike
Augusto Trevino steals 2nd base
1-1: Ball
2-1: Foul Ball, location: 2F
2-2: Ball
3-2: Fly out, F8 (Flyball, 8LM)
Top of the 9th over - 0 run(s), 1 hit(s), 0 error(s), 1 left on base; Culver City 2 - Riverside 2
BOTTOM OF THE 9TH
Riverside Red Bulls batting - Pitching for Culver City Extras : RHP Luis Vargas
Pitching: LHP Henry Brown
Now at 1B: Tony Smith
Now at 3B: Horace Johnson
Now in CF: Augusto Trevino
Now in RF: Collin Smith
Batting: RHB Robert Stevens 0-0: SINGLE (Flyball, 8RM)
Pinch Runner at 1st Donovan James:
Batting: RHB Brandon Pope 0-0: Ball
1-0: Ball
2-0: Called Strike
2-1: Called Strike
2-2: 2-RUN HOME RUN (Flyball, 9D), Distance : 396 ft
Tuesday, August 8th, 2017 - OOTP Baseball 17.12 Build 75